 Dungeon Sprint DCSS version 0.30-a0-920-g7493c07aab (webtiles) character file.

Game seed: 9877374941661110003

1838 dialectric the Imperceptible (level 8, 0/44 HPs)
             Began as a Spriggan Brigand on Mar 21, 2023.
             Was an Initiate of Trog.
             Slain by a tentacle (9 damage)
             ... attached to a kraken
             ... in the Dungeon (Sprint II: "The Violet Keep of Menkaure").
             The game lasted 00:01:10 (135 turns).

dialectric the Imperceptible (Spriggan Brigand)      Turns: 135, Time: 00:01:10

Health: 0/44       AC:  3    Str:  7    XL:     8   Next: 87%
Magic:  9/9        EV: 19    Int: 12    God:    Trog [......]
Gold:   486        SH:  0    Dex: 19    Spells: 7/7 levels left

rFire   . . .      SeeInvis +    a - +2 dagger
rCold   . . .      Faith    .    (no shield)
rNeg    . . .      Spirit   .    b - +0 robe
rPois   .          Reflect  .    (helmet restricted)
rElec   .          Rampage  .    c - +0 cloak
rCorr   .          NoTele   +    (gloves unavailable)
Will    +....                    (boots unavailable)
Stlth   +++++                    (no amulet)
HPRegen 0.27/turn                (no ring)
MPRegen 0.11/turn                (no ring)

@: slow
A: very small, no large weapons, unfitting armour, see invisible, speed 3
a: Renounce Religion


You were in the Dungeon.
You worshipped Trog.
Trog was noncommittal.
You visited 1 branch You collected 486 gold pieces.

Inventory:

Hand Weapons
 a - a +2 dagger (weapon)
Missiles
 d - 9 poisoned darts
 e - 2 curare-tipped darts (quivered)
Armour
 b - a +0 robe (worn)
 c - a +0 cloak (worn)
Scrolls
 k - a scroll of blinking
Potions
 g - a potion of heal wounds
 h - a potion of haste
 i - 2 potions of magic


   Skills:
 + Level 5.4 Fighting
 + Level 7.9 Short Blades
 - Level 4.8 Throwing
 + Level 4.0 Dodging
 + Level 24.8 Stealth


You had 7 spell levels left.
You didn't know any spells.
Your spell library was empty.

Dungeon Overview and Level Annotations

Branches:
Dungeon (1/1)

Altars:
Cheibriados
Dithmenos
Elyvilon
Fedhas
Gozag
Hepliaklqana
Kikubaaqudgha
Makhleb
Nemelex Xobeh
Okawaru
Qazlal
Ru
Sif Muna
Trog
Uskayaw
Vehumet
Wu Jian
Xom
Yredelemnul
Zin
The Shining One
Jiyva
Lugonu


Innate Abilities, Weirdness & Mutations

You are very small and have problems with some larger weapons.
You are too small for most types of armour.
You have supernaturally acute eyesight. (SInv)
You cover ground extremely quickly. (Speed+++)


Message History

Found eight items.
Found three altars.
Found 22 gold pieces, a ring mail and 6 stones.
There is a viscous altar of Jiyva here.
There is a bloodstained altar of Trog here.
You kneel at the altar of Trog.
Trog welcomes you!
There is a shimmering blue altar of Sif Muna here.
There is a sacrificial altar of Ru here.
There is a stormy altar of Qazlal here.
There is an open door here.
You enter the shallow water.
Moving in this stuff is going to be slow.
You feel yourself speed up.
You enter the shallow water.
Moving in this stuff is going to be slow.
Found a scroll labelled ZUOCAN XUIFA and a mace.
Found twelve items.
Found six items.
Found five items.
The water moccasin hisses angrily.
A kraken comes into view.
You recover from your berserk rage.
Tentacles burst out of the water! 2 tentacles come into view.
You open the door. The tentacle closely misses you.
You hit the tentacle but do no damage.
The walls and floor vibrate strangely for a moment.
The tentacle closely misses you.
Unknown command.
The tentacle barely misses you.
The water moccasin hisses angrily.
The tentacle slaps you.
Tentacles burst out of the water! 2 tentacles come into view.
The tentacle completely misses you. The tentacle misses you.
The tentacle slaps you!!
Ouch! That really hurt!
* * * LOW HITPOINT WARNING * * *
The tentacle slaps you!
You die...

#. ## +.### [▓)[?$$):[▓▓
.# ...# #▓$!)!)[((▓▓ .##
#..# #▓$$$[?(($▓▓ ..# +..#
#▓$(?)($$(▓▓ ..# #..#
#▓$!?([)(!▓▓
†.####..####▓)$?[$![$▓▓
..§.###^..##▓▓▓▓▓▓▓Λ▓▓▓▓+▓
.§§...~~~~~~~~~~@w~.\wX≈≈▓
~.....~#'########+###Vww≈▓
§~~§§.~#.._.....#S~~# ≈≈▓
~~~~~.~#._._....#~~≈≈# ▓
≈§§~~~~#_._._...#~~§§§#
≈≈§≈~~~#._._._..#~~§§≈§
§≈§§≈≈~#_._._._.#§§§~§≈
≈≈###≈§#._._._._#§~§§§S
#≈≈#_._._._.#~~


You could see a kraken, 4 tentacles and a water moccasin.

Vanquished Creatures
  2 boulder beetles (D)
  A merfolk siren (D)
  2 wyverns (D)
  A water moccasin (D)
6 creatures vanquished.

Vanquished Creatures (others)
  4 tentacles (D)
4 creatures vanquished.

Grand Total: 10 creatures vanquished

Notes
Turn   | Place    | Note
-------+----------+-------------------------------------------
     0 | D        | dialectric the Spriggan Brigand began the quest for the
                  | Orb.
     0 | D        | Reached XP level 1. HP: 10/10 MP: 2/2
     1 | D        | Noticed a necrophage
     1 | D        | Noticed a necrophage
     1 | D        | Noticed a necrophage
     1 | D        | Noticed a necrophage
     4 | D        | Noticed a boulder beetle
     4 | D        | Noticed a boulder beetle
     7 | D        | Noticed a wyvern
     7 | D        | Noticed a wyvern
    10 | D        | Noticed a merfolk siren
    17 | D        | Killed a merfolk siren
    18 | D        | Reached skill level 5 in Short Blades
    18 | D        | Reached skill level 16 in Stealth
    18 | D        | Reached XP level 2. HP: 17/17 MP: 3/3
    18 | D        | Reached XP level 3. HP: 21/21 MP: 4/4
    18 | D        | Reached XP level 4. HP: 25/25 MP: 5/5
    18 | D        | Reached XP level 5. HP: 29/29 MP: 6/6
    18 | D        | Reached XP level 6. HP: 33/33 MP: 7/7
    31 | D        | Killed a wyvern
    32 | D        | Reached skill level 18 in Stealth
    34 | D        | Killed a wyvern
    35 | D        | Reached skill level 19 in Stealth
    35 | D        | Reached XP level 7. HP: 38/38 MP: 8/8
    41 | D        | Killed a boulder beetle
    42 | D        | Reached skill level 5 in Fighting
    42 | D        | Reached skill level 22 in Stealth
    42 | D        | Reached XP level 8. HP: 43/43 MP: 9/9
    47 | D        | Killed a boulder beetle
    48 | D        | Reached skill level 24 in Stealth
    84 | D        | Found a stormy altar of Qazlal.
    84 | D        | Found an ornate altar of the Wu Jian Council.
    86 | D        | Found a hazy altar of Hepliaklqana.
    86 | D        | Found a sacrificial altar of Ru.
    86 | D        | Found a shimmering altar of Xom.
    88 | D        | Found a viscous altar of Jiyva.
    88 | D        | Found a shimmering blue altar of Sif Muna.
    89 | D        | Found a snail-covered altar of Cheibriados.
    89 | D        | Found an ancient bone altar of Kikubaaqudgha.
    89 | D        | Found a bloodstained altar of Trog.
    90 | D        | Found a shadowy altar of Dithmenos.
    90 | D        | Found a corrupted altar of Lugonu.
    91 | D        | Found a white marble altar of Elyvilon.
    91 | D        | Found a burning altar of Makhleb.
    92 | D        | Found a blossoming altar of Fedhas.
    94 | D        | Found an opulent altar of Gozag.
    94 | D        | Found a glowing golden altar of the Shining One.
    94 | D        | Found a basalt altar of Yredelemnul.
    94 | D        | Found a hide-covered altar of Uskayaw.
    94 | D        | Found a sparkling altar of Nemelex Xobeh.
    95 | D        | Found a glowing silver altar of Zin.
    95 | D        | Found a radiant altar of Vehumet.
    95 | D        | Found an iron altar of Okawaru.
   101 | D        | Became a worshipper of Trog the Wrathful
   117 | D        | Noticed a kraken
   135 | D        | Slain by a tentacle

Illustrated notes

Levels and vault maps discovered:
D:        the_violet_keep_of_menkaure [sprint2_stairs_cluster_1,
          sprint2_shoproom, sprint2_temple, sprint2_basic_supplies,
          sprint2_obstacle_2, sprint2_obstacle_4, sprint2_obstacle_1,
          sprint2_obstacle_3, sprint2_obstacle_6, sprint2_timed_cluster_1,
          sprint2_smallroom_cluster_1, sprint2_smallroom_final_cluster_1,
          sprint2_transparent_cluster_1, sprint2_second_timed_cluster_1,
          sprint2_sniper_area_1, sprint2_heavy_combat_area_1,
          sprint2_mutation_trap_area_1, sprint2_forest_area_1,
          sprint2_light_combat_area_1, sprint2_behind_water_1,
          sprint2_near_end_vault_1]

Skill      XL: |  1  2  3  4  5  6  7  8 |
---------------+-------------------------+-----
Fighting       | 3 4 5 |  5.4
Short Blades   | 5 6 7 |  7.9
Throwing       | 4 |  4.8
Dodging        | 2 3 4 |  4.0
Stealth        | 16 19 22 24 | 24.8

Action                     |  1- 3 |  4- 6 |  7- 9 || total
---------------------------+-------+-------+-------++-------
  Melee: Dagger            |     2 |     2 |    24 ||    28
  Throw: Dart              |     3 |       |     2 ||     5
    Use: Potion            |       |       |     2 ||     2
   Stab: Sleeping          |     1 |     2 |     2 ||     5
 Armour: Robe              |       |       |     1 ||     1
  Dodge: Dodged            |       |       |    17 ||    17

Table legend: (Time is in decaauts)
 A = Elapsed time spent in this place.
 B = Non-inter-level travel time spent in this place.
 C = Inter-level travel time spent in this place.
 D = Time resting spent in this place.
 E = Time spent auto-exploring this place.
 F = Levels seen in this place.
 G = Mean time per level.
                   A        B        C        D        E       F      G
               +--------+--------+--------+--------+--------+-----+--------+
         Total |    113 |    113 |      0 |      0 |      0 |   1 |  113.0 |
       Dungeon |    113 |    113 |      0 |      0 |      0 |   1 |  113.0 |
               +--------+--------+--------+--------+--------+-----+--------+

Top non-repeatable levels by time:
       D: 113 daAuts
